General information
			
			
        
        - name: BNet
 
        - type: Ladder team game (AT/RT)
 
        - host: Battle.net
 
        - saver: nub-dub
 
        
map: GnollWood 
        - players: 6
 
        - length: 19:06
 
        - speed: Fast
 - version: 1.22 W3XP
 - replay type:  Public
 
» download(91 KB)
Players
        team 1 (loser) 
              
              
» 
oremoRPrac (
orange | 49 APM | 922 actions | 18:43)
              
 4 Far Seer 
 2 Feral Spirit
 2 Chain Lighting
 1 Shadow Hunter 
 1 Healing Wave
 
                » actions 
                
                | Assign group hotkey | 32 |  | 
| Basic commands | 84 |  | 
| Build / train | 50 |  | 
| Enter build submenu | 12 |  | 
| Enter hero's abilities submenu | 5 |  | 
| Right click | 330 |  | 
| Select / deselect | 209 |  | 
| Select group hotkey | 153 |  | 
| Use ability | 47 |  | 
                922 total
 » units 
                
                | Peon | 4 |  | 
| Grunt | 13 |  | 
| Shaman | 6 |  | 
| Spirit Walker | 2 |  | 
| Tauren | 5 |  | 
                30 total
 » upgrades
                
                | Berserker Strength | 1 |  | 
| Shaman Training | 2 |  | 
| Spirit Walker Training | 2 |  | 
| Melee Weapons | 1 |  | 
| Armor | 1 |  | 
                7 total
 » buildings
                
                | Altar of Storms | 1 |  | 
| Barracks | 1 |  | 
| Orc Burrow | 5 |  | 
| War Mill | 1 |  | 
| Stronghold | 1 |  | 
| Voodoo Lounge | 1 |  | 
| Spirit Lodge | 1 |  | 
| Fortress | 1 |  | 
| Tauren Totem | 1 |  | 
                13 total
 » build order
                00:09 Altar of Storms
00:12 Barracks
00:18 Orc Burrow
01:51 War Mill
02:54 Orc Burrow
03:43 Stronghold
04:32 Voodoo Lounge
06:32 Spirit Lodge
06:37 Fortress
06:42 Orc Burrow
09:17 Tauren Totem
11:45 Orc Burrow
12:30 Orc Burrow
» items
                
                | Healing Salve | 2 |  | 
| Scroll of Town Portal | 1 |  | 
| Scroll of Speed | 1 |  | 
                4 total
  
               
              
              
» 
Dr.Rigs (
green | 50 APM | 923 actions | 18:34)
              
 4 Keeper of the Grove 
 1 Force of Nature
 2 Entangling Roots
 1 Thorns Aura
 
                » actions 
                
                | Assign group hotkey | 18 |  | 
| Basic commands | 134 |  | 
| Build / train | 52 |  | 
| Enter build submenu | 18 |  | 
| Enter hero's abilities submenu | 4 |  | 
| Right click | 293 |  | 
| Select / deselect | 297 |  | 
| Select group hotkey | 65 |  | 
| Use ability | 42 |  | 
                923 total
 » units 
                » upgrades
                
                | Moon Armor | 2 |  | 
| Strength of the Wild | 2 |  | 
| Abolish Magic | 1 |  | 
                5 total
 » buildings
                
                | Moon Well | 9 |  | 
| Altar of Elders | 1 |  | 
| Hunter's Hall | 1 |  | 
| Ancient of War | 1 |  | 
| Ancient Protector | 2 |  | 
| Tree of Ages | 1 |  | 
| Ancient of Lore | 1 |  | 
| Tree of Eternity | 1 |  | 
                17 total
 » build order
                00:33 Moon Well
00:40 Altar of Elders
01:12 Hunter's Hall
01:40 Ancient of War
02:04 Moon Well
02:42 Moon Well
04:05 Moon Well
04:52 Ancient Protector
04:54 Tree of Ages
05:07 Moon Well
06:28 Ancient Protector
06:31 Moon Well
07:27 Ancient of Lore
08:06 Moon Well
11:13 Moon Well
12:18 Moon Well
15:04 Tree of Eternity
 
               
              
              
NateDog30 (
pink | 21 APM | 409 actions | 19:04)
              
 1 Archmage 
 1 Blizzard
 2 Paladin 
 1 Divine Shield
 1 Holy Light
 
                » actions 
                
                | Assign group hotkey | 9 |  | 
| Basic commands | 1 |  | 
| Build / train | 59 |  | 
| Enter build submenu | 29 |  | 
| Enter hero's abilities submenu | 3 |  | 
| Remove unit from queue | 1 |  | 
| Right click | 108 |  | 
| Select / deselect | 143 |  | 
| Select group hotkey | 24 |  | 
| Use ability | 32 |  | 
                409 total
 » units 
                
                | Peasant | 6 |  | 
| Footman | 18 |  | 
| Gryphon Rider | 24 |  | 
                48 total
 » upgrades
                » buildings
                
                | Altar of Kings | 1 |  | 
| Farm | 8 |  | 
| Barracks | 2 |  | 
| Lumber Mill | 1 |  | 
| Scout Tower | 4 |  | 
| Guard Tower | 2 |  | 
| Keep | 1 |  | 
| Gryphon Aviary | 5 |  | 
| Castle | 1 |  | 
| Blacksmith | 1 |  | 
                26 total
 » build order
                00:14 Altar of Kings
00:40 Farm
01:23 Barracks
01:35 Farm
02:00 Barracks
02:20 Farm
02:40 Lumber Mill
03:58 Farm
04:22 Scout Tower
04:28 Scout Tower
04:44 Farm
05:00 Guard Tower
05:04 Scout Tower
05:09 Scout Tower
05:38 Guard Tower
05:43 Farm
06:43 Keep
09:42 Gryphon Aviary
09:48 Gryphon Aviary
10:00 Gryphon Aviary
11:13 Gryphon Aviary
11:27 Castle
12:02 Blacksmith
12:59 Gryphon Aviary
16:30 Farm
17:14 Farm
 
               team 2 (winner) 
              
              
clamchops (
yellow | 53 APM | 1006 actions | 19:05)
              
 3 Demon Hunter 
 1 Mana Burn
 2 Evasion
 
                » actions 
                
                | Assign group hotkey | 21 |  | 
| Basic commands | 152 |  | 
| Build / train | 54 |  | 
| Enter build submenu | 17 |  | 
| Enter hero's abilities submenu | 3 |  | 
| Right click | 239 |  | 
| Select / deselect | 238 |  | 
| Select group hotkey | 243 |  | 
| Use ability | 39 |  | 
                1006 total
 » units 
                
                | Wisp | 14 |  | 
| Archer | 11 |  | 
| Dryad | 5 |  | 
| Druid of the Claw | 4 |  | 
| Hippogryph | 6 |  | 
                40 total
 » upgrades
                
                | Improved Bows | 1 |  | 
| Abolish Magic | 1 |  | 
| Druid of the Claw Training | 2 |  | 
| Hippogryph Taming | 1 |  | 
| Mark of the Claw | 1 |  | 
| Reinforced Hides | 1 |  | 
                7 total
 » buildings
                
                | Altar of Elders | 1 |  | 
| Moon Well | 6 |  | 
| Ancient of War | 1 |  | 
| Tree of Ages | 1 |  | 
| Hunter's Hall | 1 |  | 
| Ancient of Lore | 2 |  | 
| Tree of Eternity | 1 |  | 
| Ancient of Wind | 2 |  | 
| Ancient Protector | 1 |  | 
                16 total
 » build order
                00:15 Altar of Elders
00:24 Moon Well
00:52 Ancient of War
01:43 Moon Well
02:37 Moon Well
03:31 Tree of Ages
04:53 Hunter's Hall
05:12 Moon Well
06:28 Ancient of Lore
06:31 Tree of Eternity
06:34 Ancient of Lore
09:43 Ancient of Wind
11:21 Ancient Protector
12:04 Moon Well
13:14 Moon Well
18:03 Ancient of Wind
 
               
              
              
Mr.Nubster (
blue | 38 APM | 729 actions | 19:05)
              
 7 Crypt Lord 
 3 Carrion Beetles
 3 Impale
 1 Locust Swarm
 
                » actions 
                
                | Build / train | 45 |  | 
| Enter build submenu | 17 |  | 
| Enter hero's abilities submenu | 7 |  | 
| Remove unit from queue | 3 |  | 
| Right click | 406 |  | 
| Select / deselect | 214 |  | 
| Use ability | 37 |  | 
                729 total
 » units 
                
                | Acolyte | 2 |  | 
| Ghoul | 9 |  | 
| Obsidian Statue | 5 |  | 
| Abomination | 11 |  | 
                27 total
 » upgrades
                
                | Unholy Armor | 2 |  | 
| Unholy Strength | 2 |  | 
| Disease Cloud | 1 |  | 
                5 total
 » buildings
                
                | Graveyard | 1 |  | 
| Ziggurat | 9 |  | 
| Crypt | 1 |  | 
| Altar of Darkness | 1 |  | 
| Tomb of Relics | 1 |  | 
| Halls of the Dead | 1 |  | 
| Black Citadel | 1 |  | 
| Slaughterhouse | 3 |  | 
                18 total
 » build order
                00:12 Graveyard
00:18 Ziggurat
00:22 Crypt
01:17 Altar of Darkness
01:40 Ziggurat
01:50 Tomb of Relics
03:45 Ziggurat
04:29 Halls of the Dead
05:25 Ziggurat
06:54 Black Citadel
06:59 Slaughterhouse
07:08 Slaughterhouse
07:11 Slaughterhouse
07:21 Ziggurat
08:34 Ziggurat
10:31 Ziggurat
18:05 Ziggurat
18:08 Ziggurat
 
               
              
              
nub-dub (
purple | 34 APM | 644 actions | 19:06)
              
 6 Demon Hunter 
 3 Mana Burn
 2 Immolation
 1 Metamorphosis
 
                » actions 
                
                | Assign group hotkey | 7 |  | 
| Basic commands | 14 |  | 
| Build / train | 45 |  | 
| ESC pressed | 3 |  | 
| Enter build submenu | 20 |  | 
| Enter hero's abilities submenu | 6 |  | 
| Right click | 275 |  | 
| Select / deselect | 208 |  | 
| Select group hotkey | 12 |  | 
| Use ability | 54 |  | 
                644 total
 » units 
                » upgrades
                
                | Strength of the Moon | 1 |  | 
| Strength of the Wild | 1 |  | 
| Reinforced Hides | 1 |  | 
| Improved Bows | 1 |  | 
| Hippogryph Taming | 1 |  | 
                5 total
 » buildings
                
                | Altar of Elders | 1 |  | 
| Moon Well | 9 |  | 
| Ancient of War | 1 |  | 
| Ancient of Wonders | 1 |  | 
| Hunter's Hall | 1 |  | 
| Tree of Ages | 1 |  | 
| Ancient of Wind | 4 |  | 
| Tree of Eternity | 1 |  | 
| Tree of Life | 1 |  | 
                20 total
 » build order
                00:12 Altar of Elders
00:22 Moon Well
00:38 Ancient of War
01:36 Moon Well
01:59 Ancient of Wonders
02:35 Hunter's Hall
03:29 Tree of Ages
04:42 Moon Well
04:55 Moon Well
06:15 Ancient of Wind
06:19 Ancient of Wind
06:36 Moon Well
07:26 Tree of Eternity
09:40 Ancient of Wind
09:47 Ancient of Wind
10:18 Moon Well
11:51 Moon Well
14:57 Tree of Life
17:24 Moon Well
17:28 Moon Well
» items
                
                | Potion of Healing | 1 |  | 
| Scroll of Town Portal | 1 |  | 
                2 total
  
                Chat log
          (00:04 / Allies) nub-dub: kk
(00:15 / Allies) Mr.Nubster: aboms stats
(00:23 / Allies) nub-dub: aa
(00:24 / Allies) nub-dub: here
(00:27 / Allies) nub-dub: arc/hip/chim
(00:38 / Allies) clamchops: dryads bears
(00:45 / Allies) Mr.Nubster: get dryds
(00:49 / Allies) Mr.Nubster: no need for bears
(00:59 / Allies) clamchops: bears a last resort
(01:04 / Allies) Mr.Nubster: k
(01:08 / Allies) nub-dub: just get em in case we need some extra meat
(01:16 / Allies) clamchops: thats my plan
(01:19 / Allies) Mr.Nubster: k
(01:24 / Allies) nub-dub: im going to hero harass
(01:30 / Allies) Mr.Nubster: k
(01:37 / Allies) clamchops: ill follow
(01:52 / Allies) nub-dub: when it gets ugly
(01:54 / Allies) nub-dub: retreat asap
(01:58 / Allies) clamchops: np
(02:41 / Allies) nub-dub: get workers/hero
(03:09 / Allies) Mr.Nubster: go for wells
(03:10 / All) oremoRPrac: fuck you
(03:17 / Allies) nub-dub: mine
(03:18 / Allies) nub-dub: mine
(03:21 / Allies) Mr.Nubster: mine
(03:23 / Allies) Mr.Nubster: mine
(03:43 / Allies) nub-dub: hero
(03:56 / Allies) clamchops: im out
(04:12 / Allies) Mr.Nubster: lol
(04:14 / Allies) clamchops: nice
(04:38 / Allies) clamchops: again
(04:41 / Allies) Mr.Nubster: wait
(04:44 / Allies) Mr.Nubster: i gona
(04:46 / Allies) nub-dub: kk
(05:00 / Allies) Mr.Nubster: k
(05:05 / Allies) nub-dub: come bleu
(05:12 / Allies) Mr.Nubster: u to guys go
(05:29 / Allies) Mr.Nubster: go
(05:30 / Allies) clamchops: go hit blue
(06:08 / Allies) nub-dub: b
(06:09 / Allies) nub-dub: b
(07:09 / Allies) nub-dub: gold?
(07:19 / Allies) nub-dub: ty
(07:36 / Allies) clamchops: b
(07:39 / Allies) Mr.Nubster: back
(08:14 / Allies) Mr.Nubster: back
(08:34 / Allies) nub-dub: hel[p
(08:35 / Allies) nub-dub: tp
(08:36 / Allies) nub-dub: blue
(08:37 / Allies) nub-dub: tp
(10:29 / Allies) Mr.Nubster: wood plz
(10:51 / Allies) Mr.Nubster: fuck
(10:55 / All) oremoRPrac: gg leave please.
(11:04 / Allies) nub-dub: more
(11:04 / Allies) nub-dub: air
(11:26 / Allies) clamchops: wood?
(12:00 / All) oremoRPrac: sigh,
(12:07 / Allies) nub-dub: atack
(12:08 / Allies) nub-dub: now
(12:16 / Allies) Mr.Nubster: wait for them
(12:41 / Allies) nub-dub: lets go
(12:46 / Allies) clamchops: wait
(12:50 / Allies) Mr.Nubster: wait
(12:53 / Allies) Mr.Nubster: check
(12:59 / Allies) clamchops: stay in base
(13:16 / Allies) Mr.Nubster: back
(13:37 / Allies) nub-dub: fight
(14:25 / Allies) clamchops: go
(14:47 / Allies) nub-dub: go
(14:48 / Allies) nub-dub: go
(14:48 / Allies) nub-dub: go
(15:28 / Allies) clamchops: u got wisp purp
(15:34 / Allies) nub-dub: yeah
(15:45 / Allies) clamchops: nice
(16:32 / All) oremoRPrac: wow really
(16:35 / All) oremoRPrac: mass stats/
(16:37 / All) clamchops: leave pl
(16:53 / All) Mr.Nubster: :D
(16:58 / All) oremoRPrac: fucking noob.
(17:02 / All) Mr.Nubster: u lost
(17:04 / All) Mr.Nubster: dont hate
(17:09 / All) oremoRPrac: well see.
(17:21 / All) Mr.Nubster: um
(17:26 / All) Mr.Nubster: pink going air
(17:30 / All) clamchops: u lost swallow ur pride imean that cock
(17:37 / Allies) nub-dub: more
(17:38 / Allies) nub-dub: hippos
(17:40 / Allies) nub-dub: plez
(17:41 / Allies) Mr.Nubster: get hippos
(17:46 / Allies) Mr.Nubster: get hippos
(17:51 / Allies) clamchops: on it
(18:04 / All) oremoRPrac: pink blows donky nuts
(18:09 / Allies) Mr.Nubster: lol
(18:30 / Allies) nub-dub: dismount
(18:31 / Allies) nub-dub: dismount
(18:42 / All) oremoRPrac: gfg noob ass pink.
(18:43 / All) Mr.Nubster: i am jesus